Map: 2000 Atmospheres LE

Players

A.I. 1 (Very Easy)

  • Race: Protoss Protoss

Jaedolph - Winner!

  • Race: Terran Terran
  • League: Master

VOD

Have the link to the VOD?

Description

Time

  • Played on: Sept. 25, 2021, 1:38 a.m.
  • Length: 10:58
Show
View Real Time Build Order
Export as new Build Order

A.I. 1 (Very Easy) Protoss 

Build Orders: 1 Gate Expand, Nexus First 

Get SALT Encoding   

  12  0:00  Probe  
  13  0:13  Probe  
  14  0:19  Pylon  
  14  0:43  Gateway  
  14  1:01  Nexus  
  14  1:20  Pylon  
  14  1:21  Zealot  
  14  1:22  Assimilator  
  16  1:37  Cybernetics Core, Probe  
  17  1:49  Probe  
  18  1:59  Probe  
  18  2:00  Assimilator  
  18  2:08  Probe  
  19  2:14  Stalker, Probe  
  19  2:15  Warp Gate  
  22  2:21  Probe  
  23  2:26  Probe  
  24  2:38  Probe  
  24  2:45  Probe  
  25  2:52  Probe, Assimilator  
  25  2:56  Pylon  
  26  2:59  Probe  
  26  3:04  Probe  
  28  3:13  Probe  
  28  3:17  Probe  
  29  3:25  Adept  
  32  3:28  Probe  
  32  3:34  Robotics Facility  
  32  3:35  Probe  
  33  3:42  Probe  
  34  3:49  Probe  
  35  3:57  Probe  
  35  4:04  Probe  
  35  4:08  Probe  
  34  4:15  Probe  
  34  4:22  Probe, Observer  
  36  4:29  Probe  
  37  4:37  Sentry  
  40  4:39  Assimilator  
  40  4:40  Probe  
  40  4:43  Observer  
  42  4:47  Probe  
  43  4:55  Probe  
  44  5:02  Probe  
  45  5:08  Probe  
  46  5:16  Probe  
  46  5:19  Pylon, Probe  
  48  5:30  Probe  
  48  5:34  Probe  
  50  7:35  Observer  
  50  7:38  Stalker  
  44  7:45  Probe  
  44  7:48  Pylon  
  40  7:59  Probe  
  27  8:06  Stalker  
  27  8:08  Probe  
  30  8:15  Nexus  
  30  8:17  Probe  
  30  8:18  Assimilator  
  30  8:25  Probe  
  31  8:33  Probe  
  32  8:35  Immortal  
  37  8:44  Probe  
  38  8:56  Probe  
  39  9:08  Probe  
  40  9:18  Probe  
  41  9:25  Probe  
  41  9:30  Probe  
  42  9:37  Probe  
  44  9:46  Zealot  
  44  9:49  Probe  
  47  9:56  Probe  
  48  10:03  Probe  
  49  10:10  Probe  
  49  10:11  Observer  
  50  10:17  Probe  
  50  10:18  Stalker  
  42  10:30  Probe  
  42  10:32  Pylon  
Show
View Real Time Build Order
Export as new Build Order

Jaedolph Terran - Winner!

Build Orders: Reaper Expand 

Get SALT Encoding   

  12  0:00  SCV  
  13  0:12  SCV  
  14  0:17  Supply Depot  
  14  0:24  SCV  
  15  0:38  SCV  
  15  0:40  Barracks  
  16  0:43  Refinery  
  16  0:50  SCV  
  17  1:02  SCV  
  18  1:14  SCV  
  19  1:26  Orbital Command  
  19  1:27  Reaper  
  20  1:41  Command Center  
  20  1:52  SCV  
  21  1:55  Supply Depot  
  21  1:59  Marine  
  22  2:04  SCV  
  22  2:08  Factory  
  23  2:16  SCV  
  23  2:21  Barracks Reactor, Bunker  
  24  2:27  Refinery  
  24  2:29  SCV  
  25  2:41  SCV  
  26  2:53  Orbital Command, SCV  
  26  2:56  Starport  
  26  2:57  Hellion  
  29  2:58  Marine  
  29  3:00  Marine  
  29  3:05  SCV  
  32  3:16  Marine  
  32  3:17  SCV  
  32  3:18  Marine  
  32  3:19  Factory Tech Lab  
  35  3:21  SCV  
  35  3:26  Supply Depot  
  36  3:29  SCV  
  36  3:34  SCV, Marine  
  38  3:35  Marine  
  40  3:41  SCV  
  40  3:43  Factory Tech Lab  
  40  3:44  Raven  
  40  3:48  SCV  
  44  3:58  SCV, Command Center  
  44  4:00  Marine x2  
  47  4:07  Siege Tank  
  47  4:09  SCV  
  51  4:12  SCV  
  49  4:21  SCV, Marine x2  
  52  4:24  SCV  
  52  4:26  Supply Depot  
  52  4:29  Barracks  
  53  4:33  SCV  
  53  4:34  Barracks  
  53  4:36  Refinery  
  53  4:37  Refinery  
  54  4:41  Supply Depot  
  54  4:48  SCV x2, Siege Tank  
  54  4:50  Engineering Bay  
  59  4:55  Engineering Bay  
  59  4:57  Marine  
  59  4:59  Marine  
  61  5:00  SCV  
  61  5:03  SCV  
  63  5:10  Orbital Command  
  63  5:12  SCV  
  64  5:17  Terran Infantry Weapons Level 1  
  64  5:25  Marine x2  
  64  5:26  Terran Infantry Armor Level 1, SCV  
  64  5:27  Stimpack  
  64  5:28  Combat Shield  
  67  5:29  Marine x2  
  67  5:30  Starport Reactor, SCV  
  70  5:36  Supply Depot  
  70  5:37  Orbital Command  
  70  5:38  SCV  
  72  5:42  SCV  
  72  5:45  Supply Depot  
  72  5:46  Marine x2  
  74  5:50  SCV  
  74  5:51  Factory Reactor  
  74  5:52  Marauder x2  
  74  5:55  SCV  
  74  5:56  Supply Depot  
  80  6:02  SCV  
  80  6:03  SCV, Marine  
  83  6:07  SCV  
  84  6:11  Supply Depot  
  84  6:13  Marine  
  84  6:14  Marauder x2, SCV  
  90  6:18  Armory  
  90  6:21  Marine  
  90  6:24  Medivac x2  
  90  6:25  SCV x2  
  97  6:28  Barracks  
  97  6:32  SCV  
  98  6:34  Barracks  
  98  6:35  Marauder x2  
  98  6:36  Marine  
  98  6:39  SCV x2  
  105  6:44  Supply Depot  
  105  6:47  SCV, Supply Depot  
  105  6:50  Concussive Shells  
  105  6:51  Marine  
  105  6:53  SCV, Widow Mine x2  
  112  6:54  Supply Depot  
  112  6:56  Marauder  
  112  6:59  Medivac  
  116  7:05  Medivac  
  116  7:06  SCV  
  116  7:07  SCV  
  120  7:12  SCV  
  120  7:13  Supply Depot  
  121  7:16  Refinery  
  121  7:18  Refinery  
  121  7:20  Terran Infantry Armor Level 2, Supply Depot, Terran Infantry Weapons Level 2  
  121  7:21  SCV, Supply Depot  
  121  7:22  SCV  
  123  7:23  Marauder x2  
  123  7:24  Barracks Tech Lab, SCV  
  123  7:28  Marine x2  
  130  7:30  Barracks Reactor  
  130  7:31  Widow Mine  
  130  7:34  SCV x2  
  130  7:36  Supply Depot, SCV  
  135  7:37  Supply Depot  
  135  7:43  Medivac  
  137  7:46  SCV x2  
  139  7:55  Marauder x3, Marine  
  146  8:09  Supply Depot, Marine  
  146  8:10  Marine x2  
  149  8:14  Ghost Academy  
  149  8:16  Marauder x2  
  149  8:17  Marauder, Viking x2  
  149  8:19  Starport  
  159  8:26  Marine  
  160  8:30  Supply Depot  
  160  8:33  Supply Depot  
  160  8:36  Marine x2  
  160  8:37  Marine  
  160  8:39  Marauder x3  
  160  8:40  Command Center  
  169  8:47  Viking x2  
  173  8:48  Supply Depot  
  173  8:49  Supply Depot  
  173  8:50  Marine  
  173  8:54  Marine x2  
  176  8:59  Viking  
  176  9:00  Viking  
  186  9:07  Supply Depot  
  186  9:09  Enhanced Shockwaves  
  186  9:10  Supply Depot, Marine  
  186  9:11  Marine  
  188  9:17  Viking, Marine x2  
  192  9:25  Barracks  
  192  9:26  Missile Turret, Barracks  
  192  9:27  Missile Turret, Barracks  
  192  9:28  Marauder, Missile Turret, Unknown x2  
  192  9:29  Marauder x2, Unknown, Marine x2  
  200  10:03  Command Center  
  200  10:27  Barracks Tech Lab x2  
  199  10:38  Marine  
  200  10:54  Starport  
Tags
 
Add a new tag
Caveats
  • Supply blocks, unpowered buildings, or Contaminate may cause inaccurate times.
  • Supply counts are checked every 10 seconds.